 Dungeon Crawl Stone Soup version 0.24.1-5-g77f818bfca (webtiles) character file.

Game seed: 1403485978810168334, levelgen mode: deterministic

51 lepoulpe303 the Firebug (level 3, -3/19 HPs)
             Began as a Deep Elf Fire Elementalist on Apr 27, 2020.
             Killed from afar by Natasha (9 damage)
             ... with a magic dart
             ... on level 1 of the Dungeon.
             The game lasted 00:05:32 (1522 turns).

lepoulpe303 the Firebug (DEFE)                      Turns: 1522, Time: 00:05:33

Health: -3/19      AC:  2    Str:  5    XL:     3   Next: 58%
Magic:  10/10      EV: 13    Int: 20    God:
Gold:   72         SH:  0    Dex: 15    Spells: 0/9 levels left

rFire    . . .     SeeInvis .   e - +0 dagger (drain)
rCold    . . .     Gourm    .   (no shield)
rNeg     . . .     Faith    .   a - +0 robe
rPois    .         Spirit   .   (no helmet)
rElec    .         Reflect  .   (no cloak)
rCorr    .         Harm     .   (no gloves)
MR       .....                  (no boots)
Stlth    ++........             (no amulet)
HPRegen  0.06/turn              (no ring)
MPRegen  0.12/turn              (no ring)

@: lightly drained
A: no striking features
a: no special abilities


You were on level 1 of the Dungeon.
You were not hungry.

You visited 1 branch of the dungeon, and saw 2 of its levels.

You collected 72 gold pieces.

Inventory:

Hand Weapons
 e - a +0 dagger of draining (weapon)
Missiles
 k - 13 poisoned darts
Armour
 a - a +0 robe (worn)
 j - a scarf of cloud immunity
Jewellery
 i - an uncursed ring of wizardry {unknown}
Scrolls
 b - a scroll of enchant armour {unknown}
 c - 2 scrolls of identify {unknown}
 f - a scroll of magic mapping {unknown}
 g - 2 scrolls of remove curse {unknown}
 m - 2 scrolls of fear {unknown}
 n - a scroll of teleportation {unknown}
Potions
 h - a potion of curing {unknown}
 o - 2 potions of might {unknown}
Comestibles
 l - a chunk of flesh


   Skills:
 + Level 2.8(2.6) Dodging
 + Level 3.1(2.8) Stealth
 * Level 3.8(3.5) Spellcasting
 + Level 1.6(1.4) Conjurations
 * Level 3.9(3.7) Fire Magic


You couldn't memorise any spells.
You knew the following spells:

 Your Spells              Type           Power        Failure   Level  Hunger
a - Flame Tongue          Conj/Fire      ##...        4%          1    None
b - Inner Flame           Hex/Fire       ##......     19%         3    ###....
c - Conjure Flame         Conj/Fire      ##......     14%         3    ###....
x - Throw Flame           Conj/Fire      ##....       7%          2    ##.....

Your spell library contained the following spells:

 Spells                   Type           Power        Failure   Level  Hunger
 Sticky Flame             Conj/Fire      ##......     43%         4    ####...
 Fireball                 Conj/Fire      ##........   78%         5    ######.


Dungeon Overview and Level Annotations

Branches:
Dungeon (2/15)

Altars:
Wu Jian

Annotations:
D:1 Natasha


Message History

You climb upwards.
There is a stone staircase leading down here.
You take 5 damage, and have 14/19 hp.
MASSIVE DAMAGE!!
Natasha stares at you and mumbles some strange words.
The magic dart hits you!
* * * LOW HITPOINT WARNING * * *
You take 9 damage, and have 5/19 hp.
MASSIVE DAMAGE!!
Sorry, you're not good enough to have a special ability.
Unknown command.
The fire ignites!
Natasha growls.
You now have 7/10 mp.
Natasha casts a spell at you. You resist with some effort.
You see here a +0 club.
Natasha casts a spell at you. The magic dart hits you!
You die...

### #..#############.#
#..............#.#
#..#.............# ##########
###..#.#########.###
.........# #....#.##### #.#
########.# #.##.#....(# #.# #
#.####.##.#####.# #.# #
#.........# #># #.# #
###########.##@#####.#####.#
#
#......รท..#.##.............#
#
#.#######.#.########h#######
#.# #.#.# #.# ##)## #.#.# #.#
##...######.#.# #)#
#.............# #.##
#....######.### #h.# #.#.##
#.# ##.#


You could see Natasha.

Levels and vault maps discovered:
D:1:      giann_forest_graveyard, layout_loops_ring
D:2:      layout_loops_ring, overflow_temple_1_default, uniq_jessica,
          uniq_natasha

Notes
Turn   | Place    | Note
-------+----------+-------------------------------------------
     0 | D:1      | lepoulpe303 the Deep Elf Fire Elementalist began the quest
                  | for the Orb.
     0 | D:1      | Reached XP level 1. HP: 10/10 MP: 6/6
   190 | D:1      | Reached XP level 2. HP: 15/15 MP: 6/8
   192 | D:1      | Identified a +0 club
   423 | D:1      | Identified a +0 dagger
   486 | D:1      | Learned a level 2 spell: Throw Flame
   555 | D:1      | Identified a +0 club
   768 | D:1      | Identified a cursed -2 club
   816 | D:1      | Reached XP level 3. HP: 19/19 MP: 7/10
   821 | D:1      | Learned a level 3 spell: Conjure Flame
  1022 | D:2      | Identified a cursed -2 dagger
  1024 | D:2      | Identified a +0 club
  1027 | D:2      | Identified a +0 spear
  1027 | D:2      | Identified a +0 spear
  1027 | D:2      | Identified a +0 club
  1037 | D:2      | HP: 3/19 [gnoll/+0 spear (4)]
  1043 | D:2      | Identified a +0 club
  1070 | D:2      | Found an ornate altar of the Wu Jian Council.
  1295 | D:2      | Identified a +0 club
  1299 | D:2      | Reached skill level 3 in Stealth
  1300 | D:2      | Identified a +0 short sword
  1303 | D:2      | Noticed Natasha
  1352 | D:2      | Learned a level 3 spell: Inner Flame
  1370 | D:2      | Identified a +0 dagger of draining
  1394 | D:2      | Identified a +0 dagger
  1394 | D:2      | Identified a +0 hunting sling
  1398 | D:2      | Identified a cursed +0 club
  1483 | D:2      | Identified a +0 club
  1483 | D:2      | Identified a +0 club
  1522 | D:1      | Killed from afar by Natasha

Table legend:
 A = Turns spent in this place as a percentage of turns spent in the entire game.
 B = Non-inter-level travel turns spent in this place as a percentage of non-inter-level travel turns spent in the entire game.
 C = Inter-level travel turns spent in this place as a percentage of turns spent in this place.
 D = Turns resting spent in this place as a percentage of non-inter-level travel turns spent in this place.
 E = Turns spent auto-exploring this place as a percentage of non-inter-level travel turns spent in this place.
 F = Non-inter-level travel turns spent in this place divided by the number of levels of this place that you've seen.
                   A       B       C       D       E      F
               +-------+-------+-------+-------+-------+----------------------
         Total | 100.0 | 100.0 |   1.2 |  46.5 |  31.0 | 751.5
       Dungeon | 100.0 | 100.0 |   1.2 |  46.5 |  31.0 | 751.5
               +-------+-------+-------+-------+-------+----------------------

Table legend:
 A = Kills in this place as a percentage of kills in entire the game.
 B = Kills by you in this place as a percentage of kills by you in the entire game.
 C = Kills by friends in this place as a percentage of kills by friends in the entire game.
 D = Other kills in this place as a percentage of other kills in the entire game.
 E = Experience gained in this place as a percentage of experience gained in the entire game.
 F = Experience gained in this place divided by the number of levels of this place that you have seen.
                   A       B       C       D       E      F
               +-------+-------+-------+-------+-------+----------------------
         Total | 100.0 | 100.0 |   N/A |   N/A | 100.0 |  37.0
       Dungeon | 100.0 | 100.0 |   N/A |   N/A | 100.0 |  37.0
               +-------+-------+-------+-------+-------+----------------------

Skill      XL: |  1  2  3 |
---------------+----------+-----
Stealth        | 3 |  3.1
Dodging        | |  2.8
Spellcasting   | |  3.8
Conjurations   | |  1.6
Fire Magic     | |  3.9

Action                   || total
-------------------------++-------
Melee: Dagger            ||     6
       Short sword       ||     5
 Cast: Flame Tongue      ||    68
       Conjure Flame     ||     2
  Eat: Ration            ||     1
Armor: Robe              ||     5
Dodge: Dodged            ||    39

Vanquished Creatures
  An adder (D:2)
  2 dart slugs (D:1)
  A leopard gecko (D:1)
  2 giant cockroaches
  6 goblins
  2 hobgoblins
  4 jackals (D:2)
  3 bats (D:1)
  6 frilled lizards (D:1)
  8 kobolds
  4 rats
39 creatures vanquished.
